 Dungeon Crawl Stone Soup version 0.19.0-11-g3fc08b3 (webtiles) character file.

10702 Chiseanne the Fighter (level 11, -5/141 HPs)
             Began as a Centaur Venom Mage on Nov 8, 2016.
             Was a Priest of Hepliaklqana.
             Slain by a deep troll earth mage (12 damage)
             ... on level 9 of the Dungeon.
             The game lasted 00:49:28 (15114 turns).

Chiseanne the Fighter (Centaur Venom Mage)         Turns: 15114, Time: 00:49:29

Health: -5/141     AC: 11    Str: 17    XL:     11   Next: 39%
Magic:  13/18      EV: 11    Int: 14    God:    Hepliaklqana [***...]
Gold:   254        SH:  0    Dex: 12    Spells: 3 memorised, 15 levels left

rFire  . . .     SeeInvis .     a - +3 dagger (venom)
rCold  + . .     Gourm    +     L - +0 troll leather armour
rNeg   . . .     Faith    .     (no shield)
rPois  .         Spirit   .     l - +0 helmet
rElec  .         Reflect  .     O - +0 cloak
rCorr  .         Harm     .     (no gloves)
MR     .....     Rnd*Rage +     J - +0 centaur barding {Fly}
Stlth  ..........               C - amulet of the gourmand (curse)
                                (no ring)
                                B - ring of protection from cold

@: berserking (expiring), flying, very quick
A: reduced essence, hooves 3, berserk 1, deformed body, speed 2, low mp 1,
robust 1, tough skin 3, sturdy frame 2
a: Recall Ancestor, Ancestor Identity, Transference, Renounce Religion, Stop
Flying


You were on level 9 of the Dungeon.
You worshipped Hepliaklqana.
Hepliaklqana was most pleased with you.
You were very full.

You visited 1 branch of the dungeon, and saw 9 of its levels.
You also visited: Bailey.

You collected 504 gold pieces.
You spent 250 gold pieces at shops.

Inventory:

Hand Weapons
 a - a +3 dagger of venom (weapon)
 r - a cursed -3 longbow
 s - the +8 mace of Nohuxzami {protect, MP+9}
   (You found it on level 7 of the Dungeon)

   It protects the one who uses it against injury (+AC on strike).
   It affects your magic capacity (+9).
 w - a +0 blowgun
 N - a +2 quarterstaff of chaos
Missiles
 d - 3 curare-tipped needles
 e - 347 stones (quivered)
 f - 15 poisoned needles
 g - 3 tomahawks
 i - 141 arrows
 m - 36 sling bullets
 y - 43 bolts
 H - a throwing net
 M - 32 tomahawks of returning
Armour
 h - a +2 robe of cold resistance
 l - a +0 helmet (worn)
 J - a +0 centaur barding of flying (worn)
 L - a +0 troll leather armour (worn)
 O - a +0 cloak (worn)
Magical Staves
 Q - an uncursed staff of conjuration
 U - an uncursed staff of earth
 V - an uncursed staff of poison
Jewellery
 z - a cursed amulet of inaccuracy {unknown}
 A - an uncursed ring of fire
 B - a ring of protection from cold (left hand)
 C - a cursed amulet of the gourmand (around neck)
Wands
 q - a wand of disintegration (20/24)
 G - a wand of lightning (0/15)
 P - a wand of acid (0/15)
Scrolls
 j - a scroll of immolation
 n - 3 scrolls of fear
 u - 2 scrolls of amnesia
 v - a scroll of remove curse
 F - a scroll of fog
 R - 5 scrolls of teleportation
 S - a scroll of blinking
Potions
 k - a potion of haste
 o - 4 potions of brilliance
 p - a potion of curing
Books
 b - a Young Poisoner's Handbook

   Spells                             Type                      Level
   a - Sting                          Conjuration/Poison           1
   b - Mephitic Cloud                 Conjuration/Poison/Air       3
   c - Olgreb's Toxic Radiance        Poison                       4
   d - Alistair's Intoxication        Transmutation/Poison         5
   e - Venom Bolt                     Conjuration/Poison           5
Comestibles
 c - 4 bread rations
 t - 3 meat rations
 D - 8 fruits
 E - a beef jerky
 I - a slice of pizza


   Skills:
 * Level 8.0 Fighting
 * Level 6.5 Dodging
 - Level 1.1 Stealth
 * Level 6.6 Spellcasting
 * Level 6.7 Air Magic
 * Level 7.8 Poison Magic


You had 15 spell levels left.
You knew the following spells:

 Your Spells              Type           Power        Failure   Level  Hunger
a - Sting                 Conj/Pois      ###.         2%          1    None
b - Mephitic Cloud        Conj/Pois/Air  ###.....     8%          3    ##.....
c - Olgreb's Toxic Radia  Pois           ####....     8%          4    ####...


Dungeon Overview and Level Annotations

Branches:
Dungeon (9/15)             Temple (0/1) D:4             Orc (0/2) D:9
   Lair: D:8-11

Altars:
Cheibriados
Dithmenos
Elyvilon
Fedhas
Hepliaklqana
Makhleb
Qazlal
Trog
Uskayaw
Xom
Yredelemnul
The Shining One
Beogh

Shops:
D:4 :   D:5 *   D:6 }


Innate Abilities, Weirdness & Mutations

You have hooves in place of feet.
Armour fits poorly on your strangely shaped body.
You cover ground very quickly.
You have extremely tough skin. (AC +3)
Your life essence is reduced. (-10% HP)
You tend to lose your temper in combat.
Your magical capacity is low. (-10% MP)
You are robust. (+10% HP)
Your movements are less encumbered by armour. (ER -4)


Message History

The deep troll earth mage bites you!! The deep troll earth mage claws you.
The deep troll earth mage claws you!
* * * LOW HITPOINT WARNING * * *
You completely miss the deep troll earth mage.
The deep troll earth mage is heavily wounded.
You hit the deep troll earth mage.
The deep troll earth mage looks as sick as possible!
You kick the deep troll earth mage, but do no damage.
The deep troll earth mage is heavily wounded.
The deep troll earth mage bites you!
* * * LOW HITPOINT WARNING * * *
The deep troll earth mage claws you!
* * * LOW HITPOINT WARNING * * *
The deep troll earth mage claws you but does no damage.
You hit the deep troll earth mage but do no damage.
The deep troll earth mage looks as sick as possible!
Your kick misses the deep troll earth mage.
The deep troll earth mage is heavily wounded.
The deep troll earth mage bites you!
You die... .# #............## .# #.............# # ###. #.............# # # #..# ##............#### .D#. #.............##.. lp.

#.............RR.# # #..
#............R####
#######'########.............##
..#.##.(..(....#@.#...........#
#....###.(.....T........[.....#
###....####....#.######......##
#.......######## ########
#............# #...........##
#..........## #.........##
#......##..#


You could see a deep troll earth mage.

Vanquished Creatures
  A sphinx (D:9)
  An orc warlord (Bailey)
  A centaur warrior (D:9)
  The ghost of braks the Fighter, a novice DsWr of Uskayaw (Bailey)
  A wizard (D:9)
  Pikel (D:9)
  A cyclops (D:9)
  A troll (D:8)
  A hornet (D:9)
  A slime creature (D:6)
  Grinder (D:3)
  A hungry ghost (D:8)
  Grum (D:8)
  2 orc warriors
  A black bear (D:8)
  A sky beast (D:5)
  2 ice beasts
  2 ogres
  A phantom (D:7)
  3 centaurs (D:5)
  2 wolves (D:8)
  A crocodile (D:9)
  A bullfrog (D:6)
  5 scorpions
  A killer bee (D:9)
  2 wights (D:6)
  A howler monkey (shapeshifter) (D:9)
  4 crimson imps
  5 jellies (D:6)
  A centaur zombie (D:9)
  2 gnoll shamans
  3 hounds
  4 orc priests
  5 orc wizards
  A centaur skeleton (D:5)
  An iguana (D:6)
  5 worker ants
  A hound skeleton (D:5)
  18 gnolls
  9 adders
  7 oozes
  An adder zombie (D:7)
  An adder skeleton (D:4)
  3 worms
  A dart slug (D:1)
  6 leopard geckos
  34 orcs
  2 ball pythons
  6 giant cockroaches
  9 goblins
  11 hobgoblins
  22 kobolds
  3 quokkas
  2 bats (D:2)
  7 frilled lizards
  4 rats
216 creatures vanquished.

Vanquished Creatures (collateral kills)
  A tengu conjurer (D:9)
  A troll (D:9)
  2 slaves (D:9)
  An orc warrior (Bailey)
  An ice beast (D:5)
  A wolf (D:8)
  2 ogres
  2 wights (D:6)
  A bullfrog zombie (D:7)
  Crazy Yiuf (D:7)
  2 jellies (D:6)
  2 orc wizards (D:8)
  A bullfrog skeleton (D:5)
  2 iguanas
  A worker ant (D:6)
  4 gnolls
  A howler monkey skeleton (D:8)
  4 oozes (D:6)
  3 orcs
  A hobgoblin (Bailey)
  2 kobolds (Bailey)
36 creatures vanquished.

Vanquished Creatures (others)
  A centaur (D:9)
  A killer bee (D:9)
  4 hexers
  2 ancestors (D:6)
  An adder (D:9)
  An adder skeleton (D:9)
  A jackal (D:9)
  6 fungi (D:6)
17 creatures vanquished.

Grand Total: 269 creatures vanquished

Notes
Turn   | Place    | Note
-------+----------+-------------------------------------------
     0 | D:1      | Chiseanne the Centaur Venom Mage began the quest for the Orb.
     0 | D:1      | Reached XP level 1. HP: 14/14 MP: 3/3
   395 | D:1      | Reached skill level 1 in Fighting
   504 | D:1      | Reached XP level 2. HP: 23/23 MP: 2/4
  1573 | D:2      | Reached XP level 3. HP: 28/28 MP: 0/6
  1634 | D:2      | Learned a level 3 spell: Mephitic Cloud
  2331 | D:3      | Noticed Grinder
  2399 | D:3      | Killed Grinder
  2399 | D:3      | Reached skill level 2 in Fighting
  2399 | D:3      | Reached XP level 4. HP: 37/37 MP: 1/8
  2399 | D:3      | Reached XP level 5. HP: 42/42 MP: 1/9
  2717 | D:3      | Reached XP level 6. HP: 50/50 MP: 4/10
  2770 | D:3      | Found a white marble altar of Elyvilon.
  3342 | D:3      | Reached skill level 3 in Fighting
  4130 | D:3      | Learned a level 4 spell: Olgreb's Toxic Radiance
  4770 | D:4      | Found Minoutis's Book Shoppe.
  4990 | D:4      | Found a hazy altar of Hepliaklqana.
  5029 | D:4      | Became a worshipper of Hepliaklqana the Forgotten
  5147 | D:4      | Reached XP level 7. HP: 37/51 MP: 11/11
  5475 | D:4      | Found a staircase to the Ecumenical Temple.
  5506 | D:5      | Entered Level 5 of the Dungeon
  5511 | D:5      | Found Ucwufiaf's Assorted Antiques.
  5526 | D:5      | Reached skill level 1 in Air Magic
  5823 | D:5      | Bought a scroll labeled IKOFRY ZUKI for 25 gold pieces
  5823 | D:5      | Bought an encrusted onyx ring for 125 gold pieces
  6026 | D:5      | Reached * piety under Hepliaklqana
  6110 | D:5      | Reached skill level 4 in Fighting
  6413 | D:5      | Reached XP level 8. HP: 45/59 MP: 2/13
  6819 | D:5      | Reached skill level 5 in Poison Magic
  7046 | D:5      | Found a faded altar of an unknown god.
  7046 | D:5      | Found a faded altar of an unknown god.
  7062 | D:5      | Found a faded altar of an unknown god.
  7072 | D:5      | Found a basalt altar of Yredelemnul.
  7079 | D:5      | Found a snail-covered altar of Cheibriados.
  7708 | D:6      | Found a burning altar of Makhleb.
  7846 | D:6      | Found a glowing golden altar of the Shining One.
  8100 | D:6      | Found a hide-covered altar of Uskayaw.
  8109 | D:6      | Reached skill level 5 in Fighting
  8335 | D:6      | Found a stormy altar of Qazlal.
  8337 | D:6      | Found a blossoming altar of Fedhas.
  8401 | D:6      | Reached XP level 9. HP: 54/66 MP: 15/15
  8566 | D:6      | Found Zios's Gadget Shop.
  9102 | D:5      | Bought a tapered brass wand for 100 gold pieces
  9303 | D:7      | Reached ** piety under Hepliaklqana
  9338 | D:7      | Remembered your ancestor Frodo as a hexer
  9639 | D:7      | Found a shadowy altar of Dithmenos.
 10022 | D:7      | Found a runed door.
 10469 | D:7      | Noticed Crazy Yiuf
 10475 | D:7      | Killed Crazy Yiuf
 10508 | D:7      | Got an ichor-stained mace
 10607 | D:7      | Identified the +8 mace of Nohuxzami {protect, MP+9} (You found it on level 7 of the Dungeon)
 10742 | D:8      | Found a flagged portal.
 10776 | D:8      | Noticed Grum
 10780 | D:8      | Noticed a troll
 10791 | D:8      | Reached skill level 5 in Spellcasting
 10797 | D:8      | Killed Grum
 10806 | D:8      | Reached skill level 6 in Fighting
 10806 | D:8      | Reached skill level 5 in Dodging
 10840 | D:8      | Killed a troll
 10919 | Bailey   | Entered a bailey
 11100 | Bailey   | Noticed an orc warlord
 11166 | Bailey   | Noticed braks's ghost (novice DsWr)
 11193 | Bailey   | Gained mutation: Your movements are slightly less encumbered by armour. (ER -2) [potion of mutation]
 11193 | Bailey   | Gained mutation: You tend to lose your temper in combat. [potion of mutation]
 11193 | Bailey   | Gained mutation: Your magical capacity is low. (-10% MP) [potion of mutation]
 11256 | Bailey   | Found a runed gate.
 11269 | Bailey   | Found a runed gate.
 11271 | Bailey   | Found a runed gate.
 11332 | Bailey   | Killed braks's ghost
 11332 | Bailey   | Reached skill level 5 in Air Magic
 11332 | Bailey   | Reached XP level 10. HP: 35/75 MP: 16/16
 11992 | Bailey   | Killed an orc warlord
 12161 | Bailey   | Gained mutation: Your movements are less encumbered by armour. (ER -4) [potion of beneficial mutation]
 12162 | Bailey   | Gained mutation: You are robust. (+10% HP) [potion of beneficial mutation]
 12229 | D:8      | Found a bloodstained altar of Trog.
 12777 | D:8      | Reached skill level 7 in Fighting
 13002 | D:9      | Reached *** piety under Hepliaklqana
 13019 | D:9      | Found a staircase to the Orcish Mines.
 13035 | D:9      | Found a roughly hewn altar of Beogh.
 13206 | D:9      | Noticed a centaur warrior
 13232 | D:9      | Killed a centaur warrior
 13604 | D:9      | Identified a scroll of acquirement
 13790 | D:9      | Found a shimmering altar of Xom.
 14132 | D:9      | Noticed Pikel
 14160 | D:9      | Killed Pikel
 14160 | D:9      | Reached XP level 11. HP: 91/92 MP: 7/18
 14441 | D:9      | Noticed a wizard
 14444 | D:9      | Noticed a sphinx
 14445 | D:9      | Noticed a seven-headed hydra
 14498 | D:9      | Killed a wizard
 14860 | D:9      | Paralysed by a sphinx for 3 turns
 14866 | D:9      | Paralysed by a sphinx for 5 turns
 14875 | D:9      | Killed a sphinx
 14875 | D:9      | Reached skill level 8 in Fighting
 15090 | D:9      | Noticed a deep troll earth mage
 15113 | D:9      | HP: 6/141 [deep troll earth mage (17)]
 15114 | D:9      | Slain by a deep troll earth mage

Skill      XL: |  1  2  3  4  5  6  7  8  9 10 11 |
---------------+----------------------------------+-----
Fighting       | 1 2 3 4 5 6 7 8 |  8.0
Spellcasting   | 2 3 4 5 6 |  6.6
Dodging        | 2 3 4 5 6 |  6.5
Poison Magic   | 4 5 6 7 |  7.8
Air Magic      | 2 3 5 6 |  6.7
Stealth        | |  1.1

Action                   |  1- 3 |  4- 6 |  7- 9 | 10-12 || total
-------------------------+-------+-------+-------+-------++-------
Melee: Mace              |    50 |   123 |    88 |    13 ||   274
       Kick              |     8 |    14 |   102 |    29 ||   153
       Dagger            |       |       |   246 |    51 ||   297
       Falchion          |       |       |    17 |       ||    17
       Long sword        |       |       |    68 |       ||    68
       Staff             |       |       |       |    45 ||    45
 Fire: Blowgun           |       |     9 |       |       ||     9
Throw: Stone             |       |       |     3 |       ||     3
 Cast: Sting             |    68 |    84 |   174 |    97 ||   423
       Mephitic Cloud    |       |       |    14 |    35 ||    49
       Olgreb's Toxic Ra |       |       |     1 |     8 ||     9
Invok: Ancestor Identity |       |     1 |     1 |       ||     2
       Recall Ancestor   |       |       |     4 |     2 ||     6
       Ancestor Life: He |       |       |     1 |       ||     1
Evoke: Wand              |     4 |     3 |     6 |     3 ||    16
  Use: Scroll            |     9 |     3 |    12 |     3 ||    27
       Potion            |       |     4 |     5 |     7 ||    16
 Stab: Distracted        |       |       |     4 |     1 ||     5
       Confused          |       |       |     1 |     3 ||     4
  Eat: Chunk             |     5 |     1 |    31 |    18 ||    55
       Beef jerky        |       |     2 |       |       ||     2
       Bread ration      |       |     1 |     1 |       ||     2
Armor: Robe              |    29 |    47 |   134 |    17 ||   227
       Skin              |       |       |       |     6 ||     6
       Troll leather arm |       |       |       |    30 ||    30
Dodge: Dodged            |    34 |    75 |   217 |    58 ||   384
       Rpst.: Falchion   |       |       |     3 |       ||     3
       Long sword        |       |       |     7 |       ||     7
